Gadette, chaotic female human Rogue ##### #--- --- #|. . #|.- .- #|.| -.| ------------ #|.| |.| |...<.......######|.-+-- |)| |..........| #-....| |)| |..........| ##|.{[.-+--[-- ------------ |..........+ |....-+--..| |.-+-- |.----- |.| |I-.?(| |.| -.| %)| |.| ...| | |.- -....- |. ..... --- ------- Gadette the Rogue Experience level: 6 Strength: 16 Dexterity: 17 Constitution: 12 Intelligence: 12 Wisdom: 9 Charisma: 9 Health: 0(45) Energy: 20(20) Def: 7 Gold: 12 Moves: 1208 Dungeon seed: 4HOr7Rfr1YWx5Gyr Game ID: Gadette_1608629383 Your Inventory: Coins $ - 12 gold pieces Weapons a - an uncursed +0 short sword o - 10 cursed +0 darts x - a blessed +6 elven dagger named Dagger of Bloodlust (weapon in hand) K - a cursed -1 arrow L - 11 blessed +1 darts (in quiver) R - an uncursed +0 dagger Armor e - an uncursed +1 leather armor (being worn) n - an uncursed +0 dwarvish iron helm (being worn) q - an uncursed +0 dwarvish cloak (being worn) r - an uncursed rusty +0 dwarvish roundshield (being worn) y - an uncursed +0 pair of iron shoes (being worn) Potions c - an uncursed potion of sickness Rings j - a cursed -4 ring of increase accuracy (on left hand) Wands h - an uncursed wand of opening (0:1) P - an uncursed wand of secret door detection (0:12) Tools d - an uncursed lock pick f - an uncursed sack g - an uncursed blindfold p - an uncursed lock pick Spells and supernatural/magical abilities: Name Level Category Fail Memory W - pray for help -- divine ? -- Your skills at the end: Miscellaneous Skills wands [Basic] Weapon Skills dagger [Skilled] short sword [Basic] Spellcasting Skills Final Attributes: You were piously aligned. You were confused. You were blinded. Your writing hand was a little cramped from use. You were somewhat stealthy. You had a -4 penalty to hit. You are dead. Vanquished creatures: a gnome king an orc mummy a dingo a dwarf lord a gnome mummy a soldier ant a rock piercer 5 gnome lords a gray ooze 2 elf zombies 5 dwarves a kobold shaman a rothe an orc zombie a coyote 3 hobbits a hobgoblin a yellow mold 15 gnomes 2 manes a gnome zombie a jackal a newt a goblin 50 creatures vanquished. Voluntary challenges: You did not cause conflict. You were not invisible. You did not have reflection. You were not displaced. You used a wielded weapon 52 times, starting on turn 98. You did not use containers. You did not apply a unicorn horn. You did not use plumbed fixtures. You read items or engraved 3 times, starting on turn 419. You never genocided any monsters. You never polymorphed an object. You never changed form. You used no wishes. You never split a pudding. You wrote Elbereth's name 2 times, starting on turn 419. You never violated your personal moral code. Dungeon overview: The Dungeons of Doom: levels 1 to 2 Level 1 a long staircase Level 2 an altar to Issek stairs to The Gnomish Mines The Gnomish Mines: levels 3 to 6 Level 3 stairs to The Dungeons of Doom Level 4 Level 5 Level 6 <- You were here a general store, a fountain History has recorded: On T:1 you entered the Dungeons of Doom to retrieve the Amulet of Yendor! On T:7 you reached level 2 of The Dungeons of Doom. On T:14 you reached level 1 of The Gnomish Mines. On T:91 you advanced to experience level 2. On T:103 you advanced to experience level 3. On T:111 you advanced to experience level 4. On T:151 you reached level 2 of The Gnomish Mines. On T:169 you advanced to experience level 5. On T:410 you reached level 3 of The Gnomish Mines. On T:696 you advanced to experience level 6. On T:1108 you reached level 4 of The Gnomish Mines. On T:1199 you prayed to Kos. On T:1208 you prayed to Kos. Score breakdown: Gold: 12 ( 1 points) Experience: 6 levels ( 500 points) Exploration: 6 levels ( 150 points) Discoveries: 10 items ( 500 points) Variety of kills: 24 monsters ( 1200 points) Major goal: (nothing yet) ( 0 points) Survival: died (score multiplied by 3) Total score: 7053 Latest messages: A cloud of darkness falls upon you. Something bites! You feel better. Something bites! (2x) Ooph! This tastes like liquid fire! (You can name a brilliant blue potion from the item naming menu.) Something misses. Never mind. You are now wearing an emerald ring. Oops! That feels deathly cold. Something bites! You begin praying to Kos. Something bites! You die... The sack is empty. The sack is empty. Final status: Goodbye Gadette the Rogue, killed by a large dog, while praying... You died in The Gnomish Mines on dungeon level 6 with 7053 points, and 12 pieces of gold, after 1208 moves. You were level 6 with a maximum of 45 hit points when you died.